 Dungeon Crawl Stone Soup version 0.24.0-125-gc4c63601f3 (webtiles) character file.

Game seed: 1708443381684778623, levelgen mode: deterministic

12938 sars the Grappler (level 11, -6/153 HPs)
             Began as a Troll Berserker on Mar 18, 2020.
             Was an Elder of Trog.
             Mangled by a spectral komodo dragon (9 damage)
             ... in a Gauntlet.
             The game lasted 00:24:20 (10026 turns).

sars the Grappler (Troll Berserker)                Turns: 10026, Time: 00:24:23

Health: -6/153     AC: 14    Str: 34    XL:     11   Next: 69%
Magic:  10/11      EV: 13    Int:  4    God:    Trog [****..]
Gold:   490        SH:  0    Dex:  9    Spells: 10/10 levels left

rFire    . . .     SeeInvis .     - Unarmed
rCold    + . .     Gourm    +   (no shield)
rNeg     . . .     Faith    .   j - +0 acid dragon scales
rPois    +         Spirit   .   (helmet restricted)
rElec    .         Reflect  .   l - +1 cloak {rPois}
rCorr    +         Harm     +   (gloves unavailable)
MR       ++...     NoTele   +   (boots unavailable)
Stlth    ..........             V - amulet of harm
HPRegen  1.75/turn              m - ring of protection from cold
MPRegen  0.12/turn              x - +3 ring of evasion

@: berserking, regenerating, slowed
A: large, unfitting armour, claws 3, fast metabolism 3, gourmand, regeneration
1, shaggy fur 1, tough skin 3
a: Berserk, Trog's Hand, Brothers in Arms, Renounce Religion


You were in a Gauntlet.
You worshipped Trog.
Trog was greatly pleased with you.
You were hungry.

You visited 1 branch of the dungeon, and saw 11 of its levels.
You also visited: Gauntlet.

You collected 490 gold pieces.

Inventory:

Hand Weapons
 w - a +2 flail of crushing
 J - the +9 rapier "Higil" {protect, Int+4}
   (You found it on level 6 of the Dungeon)

   It grants its wielder temporary protection when it strikes (+7 to AC).
   It affects your intelligence (+4).
Missiles
 a - 3 large rocks
 F - 4 curare-tipped darts
 M - 32 poisoned darts (quivered)
 Q - 2 throwing nets
 T - 7 boomerangs
Armour
 j - +0 acid dragon scales (worn)
 l - a +1 cloak of poison resistance (worn)
 n - a +2 robe of magic resistance
 E - a scarf of spirit shield
 N - a +1 cloak of magic resistance
Jewellery
 g - a +3 ring of evasion
 m - a ring of protection from cold (left claw)
 s - an uncursed ring of ice
 x - a +3 ring of evasion (right claw)
 I - an uncursed ring of flight
 V - an amulet of harm (around neck)
Wands
 h - a wand of scattershot (8)
 z - a wand of acid (7)
 R - a wand of flame (35)
 S - a wand of paralysis (11)
 U - a wand of random effects (19)
Scrolls
 p - a scroll of noise
 r - 6 scrolls of teleportation
 v - 2 scrolls of silence
Potions
 c - 5 potions of curing
 d - a potion of cancellation
 e - 2 potions of haste
 f - 2 potions of brilliance
 k - a potion of agility
 o - 2 potions of magic
 q - a potion of resistance
 t - a potion of mutation
 A - 2 potions of heal wounds
 D - 2 potions of ambrosia
Comestibles
 b - 22 rations


   Skills:
 * Level 5.0 Fighting
 * Level 5.0 Throwing
 * Level 7.1 Armour
 - Level 2.4 Dodging
 - Level 0.4 Stealth
 + Level 14.3 Unarmed Combat
 * Level 1.4 Evocations


You had 10 spell levels left.
You didn't know any spells.
Your spell library was empty.

Dungeon Overview and Level Annotations

Branches:
Dungeon (11/15)            Temple (0/1) D:7            Lair (0/6) D:9
    Orc (0/2) D:10        Gauntlet (1/1)

Altars:
Dithmenos
Elyvilon
Hepliaklqana
Okawaru
Qazlal
Sif Muna
Yredelemnul
Zin
The Shining One

Shops:
D:5 }

Annotations:
Gauntlet 17 runed translucent doors, 9 transporters


Innate Abilities, Weirdness & Mutations

You are too large for most types of armour.
You have claws for hands.
Your metabolism is lightning-fast.
You like to eat raw meat.
Your natural rate of healing is unusually fast.
You are covered in fur. (AC +1)
You have extremely tough skin. (AC +3)


Message History

You miss the death scarab. Your claw misses the death scarab.
The death scarab is severely damaged.
The death scarab bites you but does no damage.
Your acid dragon scales prevents you from hitting the death scarab.
The death scarab is severely damaged.
You feel the effects of Trog's Hand fading.
The death scarab bites you but does no damage.
The spectral komodo dragon closely misses you.
The death scarab bites you!
* * * LOW HITPOINT WARNING * * *
The death scarab draws strength from your injuries!
You are too berserk!
Unknown command.
You mangle the death scarab!!
You feel the power of Trog in you as your rage grows.
You destroy the death scarab!
Trog accepts your kill.
Your Throwing skill increases to level 5!
The spectral komodo dragon bites you!
You die...

#...#..###########...#########
#.©.#≈.............≈..........
#...#∩............≈8§........∩
#.©.#≈.............≈..........
#...#..###########...#########
.#...#..#"#..#....#...#...+..+.
...8.#..#!.#..#...#...#...+..+.
##...#..##.P#..#..#####[.##++#+
...8.#..#.#..#@Z#.#...#..'...'.
##...#..#©.#..#Z.##©.©#©.'...#.
#≈8≈#..#.#.P#.s#.#...#..'...+.
#####..##..#..#..#####..##++#+
###..#..#..#...#...#...+..+.
#8#..#$#..#....#.8.#...+..+.
###..###########...#########
#.........................
#≈........................


You could see a spectral komodo dragon, a spectral death yak and a death scarab.

Vanquished Creatures
  3 two-headed ogres
  A death scarab (Gauntlet)
  Pikel (D:4)
  An orange crystal statue (Gauntlet)
  A hornet (D:11)
  5 slime creatures (D:8)
  3 hippogriffs (D:9)
  A meliai zombie (D:10)
  Sigmund (D:2)
  8 yaks (D:9)
  2 hungry ghosts
  A steam dragon (D:4)
  Edmund (D:4)
  An acid dragon (D:10)
  A hornet zombie (D:10)
  3 ice beasts
  2 sky beasts
  A necrophage (D:9)
  5 orc warriors
  8 centaurs
  An ogre (D:10)
  2 big kobolds
  5 bullfrogs
  A wyvern zombie (D:6)
  5 scorpions
  6 wights
  15 killer bees
  5 electric eels (D:6)
  A howler monkey (D:9)
  2 crimson imps
  A centaur zombie (D:10)
  7 hounds
  3 jellies
  5 bullfrog skeletons
  A bullfrog zombie (D:10)
  2 orc wizards
  A quasit (D:9)
  7 orc priests
  Crazy Yiuf (D:6)
  Jessica (D:2)
  4 iguanas
  8 worker ants
  A killer bee zombie (D:8)
  A hound zombie (D:5)
  2 hound skeletons
  A howler monkey zombie (D:8)
  A worker ant zombie (D:8)
  17 adders
  3 gnolls (D:4)
  5 shadow imps
  An ooze (D:1)
  2 adder skeletons
  2 worms
  2 dart slugs
  11 leopard geckos
  22 orcs
  2 giant cockroaches
  7 goblins
  10 hobgoblins
  14 jackals
  5 quokkas
  2 ball pythons
  7 bats
  6 frilled lizards
  10 kobolds
  A quokka skeleton (D:5)
  9 rats
278 creatures vanquished.

Vanquished Creatures (collateral kills)
  A manticore (D:11)
  A hungry ghost (D:11)
  A killer bee (D:11)
  A jelly (D:11)
  A hound skeleton (D:11)
5 creatures vanquished.

Vanquished Creatures (others)
  Menkaure (D:4)
  An adder (D:4)
  A worm (D:4)
  A giant cockroach (D:4)
  A quokka (D:4)
  12 withered plants (Gauntlet)
17 creatures vanquished.

Grand Total: 300 creatures vanquished

Notes
Turn   | Place    | Note
-------+----------+-------------------------------------------
     0 | D:1      | sars the Troll Berserker began the quest for the Orb.
     0 | D:1      | Reached XP level 1. HP: 22/22 MP: 0/0
   122 | D:1      | Reached XP level 2. HP: 28/29 MP: 1/1
   238 | D:1      | Reached skill level 1 in Armour
   269 | D:1      | Reached XP level 3. HP: 33/36 MP: 2/2
   882 | D:2      | Noticed Jessica
   887 | D:2      | Killed Jessica
   887 | D:2      | Reached skill level 4 in Unarmed Combat
   887 | D:2      | Reached XP level 4. HP: 40/44 MP: 3/3
   912 | D:2      | Reached ** piety under Trog
  1010 | D:2      | Noticed Sigmund
  1029 | D:2      | Killed Sigmund
  1029 | D:2      | Reached skill level 5 in Unarmed Combat
  1029 | D:2      | Reached XP level 5. HP: 48/53 MP: 4/4
  1079 | D:2      | Reached XP level 6. HP: 61/61 MP: 5/5
  1688 | D:3      | Found a faded altar of an unknown god.
  1923 | D:3      | Noticed an air elemental
  1925 | D:3      | Found a stormy altar of Qazlal.
  1926 | D:3      | Noticed a fire elemental
  1927 | D:3      | Noticed a water elemental
  2030 | D:4      | Found a white marble altar of Elyvilon.
  2030 | D:4      | Noticed a steam dragon
  2031 | D:4      | Found a glowing silver altar of Zin.
  2032 | D:4      | Found a glowing golden altar of the Shining One.
  2040 | D:4      | Killed a steam dragon
  2040 | D:4      | Reached skill level 6 in Unarmed Combat
  2317 | D:4      | Noticed a slave
  2319 | D:4      | Noticed Pikel
  2322 | D:4      | Noticed a slave
  2323 | D:4      | Noticed a slave
  2325 | D:4      | Noticed a slave
  2340 | D:4      | Killed Pikel
  2340 | D:4      | Reached skill level 7 in Unarmed Combat
  2340 | D:4      | Reached XP level 7. HP: 67/67 MP: 6/6
  2472 | D:4      | Killed Menkaure
  2647 | D:4      | Noticed Edmund
  2652 | D:4      | Killed Edmund
  2652 | D:4      | Reached skill level 8 in Unarmed Combat
  2652 | D:4      | Reached XP level 8. HP: 66/75 MP: 7/7
  2696 | D:5      | Entered Level 5 of the Dungeon
  2911 | D:5      | Reached *** piety under Trog
  3080 | D:5      | Found Tunipnang's Gadget Emporium.
  3118 | D:5      | Found an iron altar of Okawaru.
  3142 | D:5      | Found a shadowy altar of Dithmenos.
  3142 | D:5      | Found a hazy altar of Hepliaklqana.
  3237 | D:5      | Reached skill level 9 in Unarmed Combat
  3820 | D:6      | Found a runed translucent door.
  3821 | D:6      | Noticed Crazy Yiuf
  4843 | D:6      | Received a gift from Trog
  4855 | D:6      | Got a smoking rapier
  4860 | D:6      | Reached skill level 1 in Throwing
  4863 | D:6      | Identified the +9 rapier "Higil" {protect, Int+4} (You
                  | found it on level 6 of the Dungeon)
  5248 | D:6      | Reached XP level 9. HP: 83/83 MP: 8/8
  5316 | D:6      | Reached skill level 10 in Unarmed Combat
  5860 | D:6      | Killed Crazy Yiuf
  6005 | D:7      | Found a staircase to the Ecumenical Temple.
  6464 | D:7      | Reached **** piety under Trog
  6597 | D:8      | Reached skill level 5 in Armour
  6770 | D:8      | Reached skill level 11 in Unarmed Combat
  6776 | D:8      | Killed a large slime creature
  6778 | D:8      | Reached XP level 10. HP: 92/92 MP: 9/9
  7332 | D:8      | Reached skill level 12 in Unarmed Combat
  7395 | D:8      | Noticed a two-headed ogre
  7404 | D:8      | Killed a two-headed ogre
  7560 | D:8      | Received a gift from Trog
  7753 | D:9      | Found a shimmering blue altar of Sif Muna.
  7753 | D:9      | Found a basalt altar of Yredelemnul.
  7872 | D:9      | Reached skill level 13 in Unarmed Combat
  7899 | D:9      | Reached XP level 11. HP: 101/101 MP: 10/10
  8178 | D:9      | Found a staircase to the Lair.
  8213 | D:10     | Entered Level 10 of the Dungeon
  8317 | D:10     | Reached ***** piety under Trog
  8324 | D:10     | Found a staircase to the Orcish Mines.
  8483 | D:10     | Found an iron altar of Okawaru.
  9490 | D:11     | Noticed a two-headed ogre
  9491 | D:11     | Received a gift from Trog
  9503 | D:11     | Killed a two-headed ogre
  9503 | D:11     | Reached skill level 14 in Unarmed Combat
  9554 | D:11     | Paralysed by a hornet for 2 turns
  9562 | D:11     | Noticed a two-headed ogre
  9570 | D:11     | Killed a two-headed ogre
  9570 | D:11     | Reached skill level 1 in Evocations
  9674 | D:11     | Found a gate leading to a gauntlet.
  9685 | Gauntlet | Entered a Gauntlet
  9685 | Gauntlet | Found a large runed translucent door.
  9685 | Gauntlet | Found a large runed translucent door.
  9685 | Gauntlet | Found a large runed translucent door.
  9685 | Gauntlet | Found a large runed translucent door.
  9685 | Gauntlet | Found a large runed translucent door.
  9685 | Gauntlet | Found a large runed translucent door.
  9685 | Gauntlet | Found a large runed translucent door.
  9685 | Gauntlet | Found a large runed translucent door.
  9685 | Gauntlet | Found a runed translucent door.
  9685 | Gauntlet | Found a runed translucent gate.
  9685 | Gauntlet | Found a transporter.
  9685 | Gauntlet | Found a transporter.
  9685 | Gauntlet | Found a runed translucent gate.
  9685 | Gauntlet | Found a transporter.
  9685 | Gauntlet | Found a transporter.
  9685 | Gauntlet | Noticed a fire crab
  9685 | Gauntlet | Noticed an orange crystal statue
  9689 | Gauntlet | Found a transporter.
  9690 | Gauntlet | Found a runed translucent gate.
  9690 | Gauntlet | Found a runed translucent door.
  9694 | Gauntlet | Found a large runed translucent door.
  9694 | Gauntlet | Found a large runed translucent door.
  9697 | Gauntlet | Noticed a death scarab
  9699 | Gauntlet | Noticed a death scarab
  9703 | Gauntlet | Found a transporter.
  9730 | Gauntlet | Found a large runed translucent door.
  9730 | Gauntlet | Found a large runed translucent door.
  9733 | Gauntlet | Found a large runed translucent door.
  9733 | Gauntlet | Found a large runed translucent door.
  9734 | Gauntlet | Found a large runed translucent door.
  9735 | Gauntlet | Found a large runed translucent door.
  9764 | Gauntlet | Found a transporter.
  9773 | Gauntlet | Noticed a shining eye
  9776 | Gauntlet | Found a transporter.
  9790 | Gauntlet | Found a transporter.
  9800 | Gauntlet | Found a transporter.
  9815 | Gauntlet | Found a transporter.
  9821 | Gauntlet | Found a transporter.
  9821 | Gauntlet | Noticed a death scarab
  9965 | Gauntlet | Killed an orange crystal statue
  9965 | Gauntlet | Reached skill level 5 in Fighting
 10025 | Gauntlet | HP: 2/153 [death scarab (19)]
 10026 | Gauntlet | Killed a death scarab
 10026 | Gauntlet | Reached skill level 5 in Throwing
 10026 | Gauntlet | Mangled by a spectral komodo dragon

Levels and vault maps discovered:
D:1:      erik_arrival_blinker_ship, layout_rooms
D:2:      layout_basic, first_ration, uniq_jessica, uniq_sigmund
D:3:      layout_basic, chequers_ecumenical_altar_twisty,
          minmay_tree_intersection, nicolae_qazlal_style_of_elements
D:4:      layout_basic, good_gods_temple_1, hangedman_decor_points, st_stairs_6,
          uniq_menkaure, uniq_pikel, uniq_edmund
D:5:      minmay_thinvault, layout_loops_ring, gammafunk_temple_overflow_wave,
          lemuel_round_altar, serial_shops, shop, corexii_hall_statues_deadend
D:6:      layout_gridville, kennysheep_diamond, roderic_lattice_a,
          chequers_big_river, chequers_serial_rivers_micro_e,
          uniq_crazy_yiuf_cottage
D:7:      layout_basic, minmay_temple_entry_glassed_door
D:8:      layout_gridville
D:9:      layout_rooms, chequers_temple_overflow_statue_of_worship,
          lair_entry_dummy, blue_anna_alchemist [blue_anna_fruit_fields,
          blue_anna_fruit_fields]
D:10:     layout_layer_cave, david_orc_3, basic_altar, nicolae_water_bricks
D:11:     layout_loops_ring, gauntlet_entry_generic
Gauntlet: gammafunk_gauntlet_shortcut
          [minmay_gauntlet_arena_make_your_own_arena,
          gammafunk_gauntlet_arena_arrow_garden,
          gammafunk_gauntlet_arena_corners, gammafunk_gauntlet_arena_teeth,
          gammafunk_gauntlet_arena_grid, nicolae_gauntlet_arena_x,
          nicolae_gauntlet_exit_dead_adventurers]

Skill      XL: |  1  2  3  4  5  6  7  8  9 10 11 |
---------------+----------------------------------+-----
Armour         | 1 2 3 4 5 6 7 |  7.1
Unarmed Combat | 4 5 7 8 9 11 13 14 | 14.3
Fighting       | 3 4 5 |  5.0
Throwing       | 1 4 5 |  5.0
Evocations     | 1 |  1.4
Dodging        | |  2.4
Stealth        | |  0.4

Action                   |  1- 3 |  4- 6 |  7- 9 | 10-12 || total
-------------------------+-------+-------+-------+-------++-------
Melee: Unarmed           |   116 |   122 |   228 |   316 ||   782
       Punch             |     1 |     1 |    13 |    22 ||    37
Throw: Dart              |       |       |    44 |    10 ||    54
Invok: Berserk           |       |     3 |     4 |     9 ||    16
       Trog's Hand       |       |       |     1 |     5 ||     6
       Brothers in Arms  |       |       |       |     1 ||     1
  Use: Potion            |       |       |       |     2 ||     2
       Scroll            |       |       |       |    24 ||    24
 Stab: Sleeping          |     1 |     1 |     1 |       ||     3
  Eat: Chunk             |    14 |    14 |    50 |    40 ||   118
Armor: Animal skin       |    64 |    22 |       |       ||    86
       Robe              |       |    21 |       |       ||    21
       Steam dragon scal |       |    14 |    76 |   115 ||   205
       Acid dragon scale |       |       |       |    21 ||    21
Dodge: Dodged            |    84 |    68 |   114 |   253 ||   519
